[Event "ICC tourney 3401 (40 10)"]
[Site "Internet Chess Club"]
[Date "2024.03.09"]
[Round "3"]
[White "MARKOVIC, GORAN:Goran21"]
[Black "LIU, ERIC CHANG:el008"]
[Result "0-1"]
[ICCResult "White resigns"]
[WhiteElo "2006"]
[BlackElo "2435"]
[Opening "Sicilian"]
[ECO "B50"]
[NIC "SI.01"]
[Time "15:30:07"]
[PlyCount "94"]
[TimeControl "2400+10"]

1. e4 c5 2. Nf3 d6 3. c3 Nf6 4. Be2 g6 5. O-O Bg7 6. Re1 O-O 7. Bf1 Nc6 8.
d3 e5 9. Nbd2 Re8 10. h3 d5 11. exd5 Nxd5 12. a4 h6 13. Nc4 f5 14. Qb3 Kh7
15. a5 Qc7 16. a6 b6 17. Bd2 Be6 18. Re2 Rab8 19. Qb5 Qd7 20. Rae1 Nc7 21.
Qb3 b5 22. Ncxe5 Nxe5 23. Nxe5 Bxe5 24. Qa3 Bd6 25. Qa1 Bb3 26. Qc1 Qg7 27.
Be3 g5 28. d4 c4 29. g3 f4 30. Bd2 fxg3 31. Bg2 gxf2+ 32. Kxf2 Rxe2+ 33.
Rxe2 Re8 34. Qb1+ Kh8 35. Be3 Qh7 36. Qe1 Bc2 37. d5 Rxe3 38. Rxe3 Bc5 39.
d6 Ne6 40. Qd2 Qd3 41. Qxd3 cxd3 42. Be4 Kg7 43. d7 Bb1 44. b4 Bb6 45. d8=Q
Nxd8 46. Kf3 d2 47. Rd3 Bxd3 {White resigns} 0-1

[Event "ICC tourney 3401 (40 10)"]
[Site "Internet Chess Club"]
[Date "2024.03.09"]
[Round "3"]
[White "HSIAO, ETHAN:tashunhsiao"]
[Black "GU, CRYSTAL JIUZHOU:fantasymoon"]
[Result "0-1"]
[ICCResult "White resigns"]
[WhiteElo "2029"]
[BlackElo "2083"]
[Opening "Caro-Kann: Panov-Botvinnik attack"]
[ECO "B13"]
[NIC "CK.02"]
[Time "15:30:26"]
[PlyCount "58"]
[TimeControl "2400+10"]

1. e4 c6 2. d4 d5 3. exd5 cxd5 4. c4 dxc4 5. Bxc4 Nf6 6. Nf3 Nc6 7. d5 Na5
8. Bb5+ Bd7 9. Qd3 b6 10. O-O Bxb5 11. Qxb5+ Qd7 12. Nc3 Rc8 13. Qd3 Nc4 14.
b3 Nd6 15. Bb2 g6 16. Rfe1 Bg7 17. Ne5 Qf5 18. Qe2 Rc7 19. Nb5 Nxb5 20.
Qxb5+ Nd7 21. Nxd7 Bxb2 22. Nxb6+ Kf8 23. Rad1 axb6 24. Qxb6 Rd7 25. Qc5 Bf6
26. a4 Kg7 27. b4 Rhd8 28. Rb1 Rxd5 29. h3 Rxc5 {White resigns} 0-1

[Event "ICC tourney 3401 (40 10)"]
[Site "Internet Chess Club"]
[Date "2024.03.09"]
[Round "3"]
[White "YANG, LEFAN:cutefelix"]
[Black "MIKAELYAN, ARMAN:Wolverine99"]
[Result "0-1"]
[ICCResult "White resigns"]
[WhiteElo "2233"]
[BlackElo "2592"]
[Opening "Old Indian: main line"]
[ECO "A55"]
[NIC "OI.04"]
[Time "15:30:07"]
[PlyCount "106"]
[TimeControl "2400+10"]

1. d4 Nf6 2. c4 d6 3. Nc3 e5 4. Nf3 Nbd7 5. e4 g6 6. Be3 Bg7 7. Be2 O-O 8.
d5 Ng4 9. Bg5 f6 10. Bh4 Nh6 11. Nd2 a5 12. g4 Nc5 13. f3 Bd7 14. Nb5 c6 15.
dxc6 bxc6 16. Nxd6 Bxg4 17. Nb3 Nxb3 18. axb3 Be6 19. Bf2 Qb8 20. c5 Nf7 21.
Bc4 Bxc4 22. Nxc4 Rd8 23. Qc2 Ng5 24. Qc3 Bf8 25. Nb6 Ra7 26. h4 Ne6 27. Qc4
Re8 28. O-O Kh8 29. Rfd1 Nd4 30. Kg2 Bg7 31. Bxd4 exd4 32. Qxd4 Qf4 33. Qd6
Qxh4 34. Qxc6 Qg5+ 35. Kf2 Rae7 36. Rd5 Qh4+ 37. Kg2 f5 38. Rh1 Qg5+ 39. Kf2
Be5 40. Rh3 fxe4 41. Nc4 exf3 42. Rxe5 Qg2+ 43. Ke3 Rxe5+ 44. Nxe5 Rxe5+ 45.
Kd4 Qxb2+ 46. Kc4 Qe2+ 47. Kd4 Qe3+ 48. Kc4 Re4+ 49. Kb5 Qxb3+ 50. Ka6 Re6
51. Qb6 Rxb6+ 52. cxb6 Qc4+ 53. Kxa5 f2 {White resigns} 0-1

[Event "ICC tourney 3401 (40 10)"]
[Site "Internet Chess Club"]
[Date "2024.03.09"]
[Round "3"]
[White "DENG, HENRY:SuperPuzzler"]
[Black "DINESH, ABINAV:abi2009"]
[Result "1-0"]
[ICCResult "Black forfeits on time"]
[WhiteElo "2315"]
[BlackElo "2013"]
[Opening "Giuoco Pianissimo: Italian four knights variation"]
[ECO "C50"]
[NIC "IG.02"]
[Time "15:31:13"]
[PlyCount "103"]
[TimeControl "2400+10"]

1. e4 e5 2. Nf3 Nc6 3. Bc4 Bc5 4. Nc3 Nf6 5. d3 h6 6. a3 Bb6 7. Na4 d6 8. h3
Be6 9. Bxe6 fxe6 10. O-O O-O 11. c3 Qe8 12. b4 Ne7 13. Ra2 c6 14. Nxb6 axb6
15. Be3 b5 16. Qb3 Ng6 17. a4 bxa4 18. Rxa4 Rxa4 19. Qxa4 d5 20. Qc2 Nh5 21.
Nd2 Ngf4 22. Kh2 Qg6 23. Rg1 Ne2 24. Re1 d4 25. Rxe2 dxe3 26. fxe3 Ng3 27.
Nf3 Nf1+ 28. Kh1 Ng3+ 29. Kh2 Nf1+ 30. Kh1 Qg3 31. Qd1 Rxf3 32. gxf3 Qxf3+
33. Kg1 Ng3 34. Re1 Qh1+ 35. Kf2 Qh2+ 36. Kf3 Qxh3 37. Kf2 Qh2+ 38. Kf3 Qh3
39. Kf2 Qh2+ 40. Kf3 h5 41. Rg1 h4 42. Rg2 Qh3 43. Kf2 Nh1+ 44. Kg1 Qxe3+
45. Kxh1 h3 46. Rg4 g5 47. Qg1 Qf3+ 48. Kh2 Qe2+ 49. Kxh3 Qxd3+ 50. Rg3 Qxe4
51. Rxg5+ Kf7 52. Qf2+ {Black forfeits on time} 1-0

[Event "ICC tourney 3401 (40 10)"]
[Site "Internet Chess Club"]
[Date "2024.03.09"]
[Round "3"]
[White "Mitrabha, Guha:babysnake"]
[Black "KONA, VIDIP KUMAR:Vidipkona"]
[Result "1/2-1/2"]
[ICCResult "Game drawn by mutual agreement"]
[WhiteElo "2576"]
[BlackElo "2060"]
[Opening "Benoni defense"]
[ECO "A61"]
[NIC "QP.06"]
[Time "15:34:54"]
[PlyCount "172"]
[TimeControl "2400+10"]

1. Nf3 Nf6 2. d4 c5 3. d5 e6 4. c4 exd5 5. cxd5 d6 6. Nc3 g6 7. h3 Bg7 8. e4
O-O 9. Bd3 b5 10. Nxb5 Re8 11. O-O Nxe4 12. Re1 Nf6 13. Rxe8+ Nxe8 14. Bg5
Qb6 15. Qe2 Bd7 16. Re1 Na6 17. a4 Nb4 18. Bc4 Bf8 19. Be7 Bg7 20. Ng5 a6
21. Nc3 h6 22. Nge4 Qc7 23. h4 Bf5 24. Ng3 Bd7 25. h5 g5 26. Qf3 Nc2 27. Rf1
Nd4 28. Qe3 Bf5 29. Nce2 Bh7 30. Bxg5 Nxe2+ 31. Bxe2 hxg5 32. Qxg5 Kh8 33.
h6 Bf6 34. Qg4 Qe7 35. Nh5 Qf8 36. Nxf6 Nxf6 37. Qf4 Ng8 38. a5 Nxh6 39.
Qf6+ Qg7 40. Qxd6 Nf5 41. Qxc5 Rg8 42. g4 Nd4 43. Bd1 f5 44. Re1 fxg4 45.
Re7 Qf6 46. Qc7 Nf3+ 47. Kg2 Nh4+ 48. Kh1 Bg6 49. Bxg4 Nf3 50. Qc3 Qxc3 51.
bxc3 Ng5 52. f3 Rg7 53. Re5 Nf7 54. Re6 Bd3 55. d6 Bb5 56. Rf6 Ne5 57. Be6
Bc6 58. Rf8+ Kh7 59. Bf5+ Kh6 60. Be4 Bxe4 61. fxe4 Rd7 62. Re8 Nc4 63. e5
Nxe5 64. Rxe5 Rxd6 65. Kg2 Rc6 66. Kf2 Rxc3 67. Re6+ Kg7 68. Rxa6 Ra3 69.
Ra8 Kh7 70. Ke2 Kg7 71. Kd2 Kf7 72. Kc2 Ke7 73. Kb2 Ra4 74. Kb3 Ra1 75. Kb4
Rb1+ 76. Kc5 Kd7 77. a6 Kc7 78. Rg8 Ra1 79. Rg6 Rc1+ 80. Kb5 Rb1+ 81. Kc4
Rc1+ 82. Kd5 Rd1+ 83. Ke4 Re1+ 84. Kd5 Rd1+ 85. Ke6 Kb8 86. Ke7 Ka7
{Game drawn by mutual agreement}
1/2-1/2

[Event "ICC tourney 3401 (40 10)"]
[Site "Internet Chess Club"]
[Date "2024.03.09"]
[Round "3"]
[White "KARTHIKEYAN, HARISHKUMAR:TheThinker15647"]
[Black "Yang, Daniel:danielbest"]
[Result "1-0"]
[ICCResult "Black checkmated"]
[WhiteElo "1922"]
[BlackElo "2157"]
[Opening "Sicilian: Najdorf"]
[ECO "B90"]
[NIC "SI.14"]
[Time "15:30:31"]
[PlyCount "105"]
[TimeControl "2400+10"]

1. e4 c5 2. Nf3 d6 3. d4 cxd4 4. Nxd4 Nf6 5. Nc3 a6 6. f3 e5 7. Nb3 Be6 8.
Be3 Be7 9. Qd2 Nbd7 10. O-O-O O-O 11. g4 b5 12. g5 Nh5 13. Nd5 Bxd5 14. exd5
f6 15. Na5 fxg5 16. Nc6 Qe8 17. Nxe7+ Qxe7 18. Bxg5 Qe8 19. Qe2 Nf4 20. Qe3
Nc5 21. Rg1 a5 22. Rg4 b4 23. Bc4 Qf7 24. h4 Kh8 25. Bxf4 exf4 26. Qd4 Nd7
27. Rdg1 Ne5 28. Rxg7 Qxg7 29. Rxg7 Kxg7 30. Be2 Kg8 31. Qb6 Nf7 32. Bd3
Rfd8 33. Bf5 Kg7 34. Qd4+ Ne5 35. Qxf4 Rf8 36. Qg5+ Kh8 37. f4 Nc4 38. Bd3
Ne3 39. f5 Rae8 40. f6 Rf7 41. Qh5 Kg8 42. Qg5+ Kh8 43. Qh6 Ref8 44. Qxe3
Rxf6 45. h5 Kg7 46. Qg5+ Kh8 47. h6 R8f7 48. b3 Rf2 49. Qd8+ Rf8 50. Qxd6
R2f6 51. Qe5 Kg8 52. Qg5+ Kh8 53. Qg7# {Black checkmated} 1-0

[Event "ICC tourney 3401 (40 10)"]
[Site "Internet Chess Club"]
[Date "2024.03.09"]
[Round "3"]
[White "LU, YIDING:gooodguy"]
[Black "CARBERRY, KENNETH:TheBull"]
[Result "0-1"]
[ICCResult "White checkmated"]
[WhiteElo "2171"]
[BlackElo "1968"]
[Opening "Sicilian: Kan, Maróczy bind (Réti variation)"]
[ECO "B28"]
[NIC "SI.43"]
[Time "15:30:09"]
[PlyCount "108"]
[TimeControl "2400+10"]

1. e4 c5 2. Nf3 a6 3. c4 e6 4. d4 cxd4 5. Nxd4 Ne7 6. Nc3 Nbc6 7. Be3 Nxd4
8. Qxd4 Nc6 9. Qd2 Be7 10. Be2 O-O 11. O-O d6 12. f4 Qc7 13. Rac1 Qb8 14.
Kh1 b6 15. f5 Ne5 16. Bg5 Bxg5 17. Qxg5 f6 18. Qe3 exf5 19. exf5 Bb7 20. b4
Re8 21. Qd4 Qd8 22. Rfd1 Nf7 23. Bd3 Re5 24. a4 Rc8 25. Kg1 Qc7 26. Qf4 Rce8
27. Qf2 Qd8 28. Bb1 Re3 29. Re1 Qe7 30. Rf1 Qe5 31. Qd2 Ng5 32. Nd5 Re2 33.
Qd3 Bxd5 34. cxd5 Rb2 35. h4 Nf7 36. Rc4 h5 37. Bc2 Nh6 38. Qf3 Ng4 39. Qh3
Qe2 40. Bd3 Qd2 41. Qg3 Re3 42. Rf3 Rxd3 43. Rxg4 hxg4 44. Rxd3 Qxb4 45. Qe3
Rb1+ 46. Kh2 Kh7 47. Rd2 Rb3 48. Rd3 Rxd3 49. Qxd3 Qxa4 50. Qe3 Qa1 51. Qxb6
Qe5+ 52. Kh1 g3 53. Qb4 Qa1+ 54. Qe1 Qxe1# {White checkmated} 0-1

[Event "ICC tourney 3401 (40 10)"]
[Site "Internet Chess Club"]
[Date "2024.03.09"]
[Round "3"]
[White "RAMKUMAR, NIKHIL:nikhilramkumar"]
[Black "QUIRKE, JEFFREY L:PawnEatingZombi"]
[Result "1/2-1/2"]
[ICCResult "Game drawn by mutual agreement"]
[WhiteElo "1829"]
[BlackElo "2154"]
[Opening "Ruy Lopez: Taimanov (chase/wing/accelerated counterthrust) variation"]
[ECO "C70"]
[NIC "RL.09"]
[Time "15:30:06"]
[PlyCount "128"]
[TimeControl "2400+10"]

1. e4 e5 2. Nf3 Nc6 3. Bb5 a6 4. Ba4 b5 5. Bb3 Na5 6. c3 Nxb3 7. Qxb3 d5 8.
Nxe5 Ne7 9. exd5 Nxd5 10. O-O Bb7 11. d4 Be7 12. a4 O-O 13. axb5 axb5 14.
Rxa8 Qxa8 15. Re1 c6 16. h3 Re8 17. Be3 Bd6 18. Nd2 Bxe5 19. dxe5 Rxe5 20.
Nf3 Re8 21. Nd4 g6 22. Qd1 Nxe3 23. Rxe3 Rxe3 24. fxe3 Qe8 25. Qf3 Qe7 26.
Qf4 Kg7 27. Qg3 Qe4 28. Kh2 h5 29. Qf4 Qd5 30. e4 Qd7 31. Qg3 c5 32. Qe5+
Kh7 33. Qxc5 Bxe4 34. Qxb5 Qd6+ 35. Kg1 Qg3 36. Qe2 f5 37. b4 Qxc3 38. Ne6
Qxb4 39. Qa6 Qb2 40. Ng5+ Kh6 41. Nxe4 fxe4 42. Qd6 Qc1+ 43. Kh2 Qe3 44.
Qf8+ Kg5 45. h4+ Kg4 46. Qc8+ Kxh4 47. Qd8+ Kg4 48. Qd7+ Kg5 49. Qe7+ Kf5
50. Qf7+ Ke5 51. Qg7+ Kd5 52. Qf7+ Kd4 53. Qxg6 Qf4+ 54. Kg1 h4 55. Qb6+ Kd3
56. Qb3+ Kd4 57. Qb6+ Ke5 58. Qb8+ Kf5 59. Qf8+ Kg4 60. Qg8+ Qg5 61. Qe6+
Kf4 62. Qd6+ Ke3 63. Qb6+ Kd3 64. Qb3+ Kd4 {Game drawn by mutual agreement}
1/2-1/2

[Event "ICC tourney 3401 (40 10)"]
[Site "Internet Chess Club"]
[Date "2024.03.09"]
[Round "3"]
[White "GE, WILLIAM:william20110204"]
[Black "HANKE, HARVEY:ThinkingPanda"]
[Result "0-1"]
[ICCResult "White resigns"]
[WhiteElo "1981"]
[BlackElo "2052"]
[Opening "Ruy Lopez: Schliemann defense"]
[ECO "C63"]
[NIC "RL.06"]
[Time "15:30:03"]
[PlyCount "148"]
[TimeControl "2400+10"]

1. e4 e5 2. Nf3 Nc6 3. Bb5 f5 4. d3 fxe4 5. dxe4 Nf6 6. Nc3 Bb4 7. O-O Bxc3
8. bxc3 d6 9. Re1 O-O 10. Bc4+ Kh8 11. Qd3 Nh5 12. Ng5 Qf6 13. Qf3 Nf4 14.
Bxf4 exf4 15. Qh5 h6 16. Nf7+ Kh7 17. e5 dxe5 18. Bd3+ Kg8 19. Nxe5 Nxe5 20.
Rxe5 Bg4 21. Qg6 Qxe5 22. Qh7+ Kf7 23. Qg6+ Ke7 24. Qxg4 g5 25. Kf1 h5 26.
Qf3 Kd7 27. Re1 Qc5 28. Qxh5 Kc8 29. Qg4+ Kb8 30. Qe6 a6 31. Qe7 Qxe7 32.
Rxe7 Ka7 33. Rg7 Rg8 34. Rxc7 Rac8 35. Rf7 Rxc3 36. Be4 Rb8 37. Rf5 Ra3 38.
Bd5 Rc3 39. Be4 Re8 40. Bd3 Rg8 41. Rf7 Ra3 42. Be4 Rb8 43. Bd5 Ra5 44. Bb3
Re8 45. g3 fxg3 46. hxg3 Rae5 47. Rg7 R8e7 48. Rg6 Rf5 49. Rg8 Re3 50. Rxg5
Rxg5 51. fxe3 Rxg3 52. Ke2 Kb6 53. Kd3 Kc5 54. c3 b5 55. Ke4 a5 56. Kf4 Rg2
57. Kf3 Rb2 58. Ke4 Rh2 59. Kd3 Rh4 60. Be6 Rh2 61. Bb3 Rb2 62. Be6 Kd6 63.
Bb3 Ke5 64. Bf7 Rh2 65. Be8 Rxa2 66. Bxb5 a4 67. Bc4 Rb2 68. Bg8 a3 69. Bc4
a2 70. Bxa2 Rxa2 71. c4 Ra3+ 72. Kd2 Ke4 73. c5 Ra5 74. c6 Rc5 {White
resigns} 0-1

[Event "ICC tourney 3401 (40 10)"]
[Site "Internet Chess Club"]
[Date "2024.03.09"]
[Round "4"]
[White "KARTHIKEYAN, HARISHKUMAR:TheThinker15647"]
[Black "YANG, LEFAN:cutefelix"]
[Result "1/2-1/2"]
[ICCResult "Game drawn by mutual agreement"]
[WhiteElo "1922"]
[BlackElo "2233"]
[Opening "Sicilian: Pelikan, Chelyabinsk variation"]
[ECO "B33"]
[NIC "SI.37"]
[Time "17:46:30"]
[PlyCount "51"]
[TimeControl "2400+10"]

1. e4 c5 2. Nf3 Nc6 3. d4 cxd4 4. Nxd4 Nf6 5. Nc3 e5 6. Ndb5 d6 7. Bg5 a6 8.
Na3 b5 9. Nd5 Be7 10. Bxf6 Bxf6 11. c3 Bg5 12. Nc2 Rb8 13. Be2 O-O 14. O-O
Be6 15. Bg4 Ne7 16. Ncb4 Qc8 17. Bf3 Nxd5 18. Nxd5 Qb7 19. Bg4 Bxd5 20. Qxd5
Qxd5 21. exd5 f5 22. Be2 Rfc8 23. a4 bxa4 24. Bxa6 Rc5 25. Rxa4 Rxb2 26. c4
{Game drawn by mutual agreement}
1/2-1/2

[Event "ICC tourney 3401 (40 10)"]
[Site "Internet Chess Club"]
[Date "2024.03.09"]
[Round "4"]
[White "KONA, VIDIP KUMAR:Vidipkona"]
[Black "MARKOVIC, GORAN:Goran21"]
[Result "0-1"]
[ICCResult "White checkmated"]
[WhiteElo "2060"]
[BlackElo "2006"]
[Opening "English opening"]
[ECO "A05"]
[NIC "QP.11"]
[Time "17:46:27"]
[PlyCount "74"]
[TimeControl "2400+10"]

1. Nf3 Nf6 2. c4 g6 3. b4 Bg7 4. Bb2 d6 5. g3 O-O 6. Bg2 e5 7. d3 Nbd7 8.
O-O c6 9. Nbd2 Re8 10. Qc2 a6 11. e3 d5 12. a3 Qe7 13. cxd5 cxd5 14. Rfc1
Nh5 15. e4 Nhf6 16. Re1 d4 17. Rec1 b5 18. Nb3 Nb6 19. h3 Na4 20. Nc5 Nxb2
21. Qxb2 Nd7 22. Nxd7 Bxd7 23. Nd2 a5 24. bxa5 Rxa5 25. Nb3 Ra7 26. Nc5 Rea8
27. Nxd7 Qxd7 28. Rc5 b4 29. Rd5 Qa4 30. Bf3 bxa3 31. Qa2 Rb8 32. Bd1 Qc6
33. Qd2 Qc3 34. Qa2 Rb2 35. Rd8+ Bf8 36. Qd5 Qe1+ 37. Kg2 Rxf2#
{White checkmated}
0-1

[Event "ICC tourney 3401 (40 10)"]
[Site "Internet Chess Club"]
[Date "2024.03.09"]
[Round "4"]
[White "HSIAO, ETHAN:tashunhsiao"]
[Black "GE, WILLIAM:william20110204"]
[Result "1-0"]
[ICCResult "Black resigns"]
[WhiteElo "2029"]
[BlackElo "1981"]
[Opening "Scotch gambit: Dubois-Réti defense"]
[ECO "C55"]
[NIC "KP.02"]
[Time "17:46:41"]
[PlyCount "75"]
[TimeControl "2400+10"]

1. e4 e5 2. Nf3 Nc6 3. d4 exd4 4. Bc4 Nf6 5. e5 d5 6. Bb5 Ne4 7. Nxd4 Bd7 8.
Bxc6 bxc6 9. O-O Bc5 10. f3 Ng5 11. Be3 O-O 12. f4 Ne4 13. Nd2 Nxd2 14. Qxd2
Re8 15. Nb3 Bxe3+ 16. Qxe3 f6 17. Rae1 fxe5 18. fxe5 Qe7 19. Nc5 Be6 20. c3
a5 21. a3 Rf8 22. Rxf8+ Kxf8 23. Rf1+ Kg8 24. Nd3 Rf8 25. Rxf8+ Qxf8 26. Qc5
Qxc5+ 27. Nxc5 Bc8 28. Kf2 Kf7 29. Ke3 Ke7 30. Kf4 g6 31. g4 h6 32. h4 Kf7
33. g5 hxg5+ 34. Kxg5 Bf5 35. h5 Bh3 36. hxg6+ Kg7 37. Nb3 a4 38. Nc5
{Black resigns}
1-0

[Event "ICC tourney 3401 (40 10)"]
[Site "Internet Chess Club"]
[Date "2024.03.09"]
[Round "4"]
[White "SANTOS LATASA, JAIME:jsl1996"]
[Black "ZHOU, JIANCHAO:TomCruise999"]
[Result "0-1"]
[ICCResult "White resigns"]
[WhiteElo "2662"]
[BlackElo "2661"]
[Opening "Sicilian: Najdorf, Byrne (English) attack"]
[ECO "B90"]
[NIC "SI.14"]
[Time "17:46:29"]
[PlyCount "74"]
[TimeControl "2400+10"]

1. e4 c5 2. Nf3 d6 3. d4 cxd4 4. Nxd4 Nf6 5. Nc3 a6 6. Be3 e5 7. Nb3 Be6 8.
h3 Be7 9. Qd2 O-O 10. O-O-O b5 11. g4 Nbd7 12. Kb1 b4 13. Nd5 Bxd5 14. exd5
Nb6 15. Qxb4 Nfxd5 16. Bxb6 Nxb6 17. Qe4 g6 18. h4 d5 19. Qxe5 Bf6 20. Qf4
Bg7 21. h5 Qc8 22. c3 a5 23. a4 Re8 24. hxg6 hxg6 25. f3 Be5 26. Qc1 Nxa4
27. Bb5 Nxb2 28. Qxb2 Bxc3 29. Qc2 Re3 30. Rd3 Rxd3 31. Bxd3 Rb8 32. Bxg6 a4
33. Kc1 axb3 34. Bh7+ Kf8 35. Qf5 Qc5 36. Bg6 Bf6+ 37. Kb1 Qc3 {White
resigns} 0-1

[Event "ICC tourney 3401 (40 10)"]
[Site "Internet Chess Club"]
[Date "2024.03.09"]
[Round "4"]
[White "OPASKA, MICHAEL:mopaska1106"]
[Black "GU, CRYSTAL JIUZHOU:fantasymoon"]
[Result "0-1"]
[ICCResult "White resigns"]
[WhiteElo "2039"]
[BlackElo "2083"]
[Opening "QGD Slav defense"]
[ECO "D10"]
[NIC "SL.01"]
[Time "17:46:47"]
[PlyCount "58"]
[TimeControl "2400+10"]

1. d4 d5 2. c4 c6 3. g3 Nf6 4. Nf3 dxc4 5. Bg2 b5 6. O-O Bb7 7. a4 a6 8. Ne5
Qc7 9. b3 cxb3 10. Qxb3 e6 11. Bb2 Bd6 12. Nd3 Nbd7 13. Rc1 O-O 14. Na3 Qb6
15. a5 Qc7 16. Nc2 Rfc8 17. Ncb4 Bxb4 18. Qxb4 Nd5 19. Qb3 Qd8 20. e4 N5f6
21. e5 Nd5 22. Qd1 Qe7 23. Ba3 b4 24. Nxb4 Nxb4 25. Qd2 Rab8 26. Bxb4 c5 27.
Bxb7 Rxb7 28. dxc5 Nxe5 29. Ba3 Nf3+ {White resigns} 0-1

[Event "ICC tourney 3401 (40 10)"]
[Site "Internet Chess Club"]
[Date "2024.03.09"]
[Round "4"]
[White "HANKE, HARVEY:ThinkingPanda"]
[Black "LU, YIDING:gooodguy"]
[Result "0-1"]
[ICCResult "White checkmated"]
[WhiteElo "2052"]
[BlackElo "2171"]
[Opening "Pirc defense"]
[ECO "B07"]
[NIC "PU.08"]
[Time "17:51:51"]
[PlyCount "70"]
[TimeControl "2400+10"]

1. e4 d6 2. d4 Nf6 3. Nc3 e5 4. f4 exd4 5. Qxd4 Nc6 6. Bb5 Bd7 7. Bxc6 Bxc6
8. Nge2 Be7 9. Be3 O-O 10. h3 Nd7 11. O-O-O Nc5 12. g4 Bf6 13. Qc4 b5 14.
Nxb5 Bxb2+ 15. Kxb2 Bxb5 16. Qxc5 Bxe2 17. Qc3 Bxd1 18. Rxd1 c5 19. e5 Qb8+
20. Ka1 dxe5 21. fxe5 Re8 22. Rd5 Qb7 23. Rd1 Qf3 24. Re1 Qxh3 25. Qxc5 Qxg4
26. Rg1 Qe6 27. Bg5 Rac8 28. Qe3 Rxc2 29. Qb3 Qxe5+ 30. Kb1 Re2 31. Bh4 Rb8
32. Rxg7+ Kxg7 33. Qxb8 Qxb8+ 34. Kc1 Qb2+ 35. Kd1 Qc2# {White checkmated}
0-1

[Event "ICC tourney 3401 (40 10)"]
[Site "Internet Chess Club"]
[Date "2024.03.09"]
[Round "4"]
[White "DINESH, ABINAV:abi2009"]
[Black "QUIRKE, JEFFREY L:PawnEatingZombi"]
[Result "1-0"]
[ICCResult "Black resigns"]
[WhiteElo "2013"]
[BlackElo "2154"]
[Opening "Ruy Lopez: Taimanov (chase/wing/accelerated counterthrust) variation"]
[ECO "C70"]
[NIC "RL.09"]
[Time "17:46:26"]
[PlyCount "109"]
[TimeControl "2400+10"]

1. e4 e5 2. Nf3 Nc6 3. Bb5 a6 4. Ba4 b5 5. Bb3 Na5 6. Bxf7+ Kxf7 7. Nxe5+
Ke7 8. Nc3 Bb7 9. d4 Nf6 10. Bg5 Qe8 11. Qg4 Kd8 12. O-O-O Be7 13. Bxf6 gxf6
14. Nd3 Qg6 15. Qh3 h5 16. Nc5 Bxc5 17. dxc5 Qg4 18. Qd3 Bc6 19. Nd5 Bxd5
20. exd5 Qc4 21. Qf5 Rf8 22. c6 Qg4 23. Qh7 Nc4 24. Rhe1 Ne5 25. Qh6 Qg8 26.
f4 Nc4 27. Qxh5 Qf7 28. Qh3 Kc8 29. b3 Nd6 30. Re3 Kb8 31. cxd7 Kb7 32. c4
bxc4 33. bxc4 Nxc4 34. Rb3+ Nb6 35. Qe6 Ka7 36. Qc6 Qxd7 37. Rxb6 Qxc6+ 38.
Rxc6 Rfe8 39. Rxc7+ Kb6 40. Rc6+ Kb5 41. Kd2 Rad8 42. Rb1+ Ka5 43. Rc5+ Ka4
44. Kd3 f5 45. a3 Re4 46. Rc4+ Rxc4 47. Kxc4 a5 48. Kc5 Rc8+ 49. Kd6 Kxa3
50. Ra1+ Kb4 51. Ke7 Rc2 52. Rd1 Rxg2 53. d6 Rxh2 54. d7 Rh7+ 55. Ke6
{Black resigns}
1-0

[Event "ICC tourney 3401 (40 10)"]
[Site "Internet Chess Club"]
[Date "2024.03.09"]
[Round "4"]
[White "Yang, Daniel:danielbest"]
[Black "RAMKUMAR, NIKHIL:nikhilramkumar"]
[Result "1-0"]
[ICCResult "Black forfeits on time"]
[WhiteElo "2157"]
[BlackElo "1829"]
[Opening "QGD: exchange, positional line"]
[ECO "D35"]
[NIC "QO.16"]
[Time "17:46:46"]
[PlyCount "81"]
[TimeControl "2400+10"]

1. d4 d5 2. c4 e6 3. Nc3 Nf6 4. cxd5 exd5 5. Bg5 Be7 6. e3 c6 7. Bd3 Be6 8.
Nge2 Nbd7 9. O-O h6 10. Bh4 Rc8 11. f3 c5 12. Bf2 a6 13. dxc5 Nxc5 14. Bc2
b5 15. Nf4 O-O 16. Nce2 Qd7 17. Nd4 Rfd8 18. Qd2 Bd6 19. Nfxe6 fxe6 20. Rac1
Qf7 21. Ne2 Ncd7 22. Rfd1 Ne5 23. b3 Ba3 24. Ra1 Qc7 25. Nd4 Qb6 26. Qe2 Rd7
27. Bg3 Nf7 28. Bd3 Nh5 29. Bf2 Rdc7 30. Nc2 Bc5 31. b4 Be7 32. f4 Nf6 33.
e4 Qb7 34. e5 Nd7 35. Nd4 Nf8 36. Qg4 Bxb4 37. Nxe6 Nxe6 38. Qxe6 Re7 39.
Qf5 Rc6 40. Rac1 Ree6 41. Qg4 {Black forfeits on time} 1-0

[Event "ICC tourney 3401 (40 10)"]
[Site "Internet Chess Club"]
[Date "2024.03.09"]
[Round "4"]
[White "MIKAELYAN, ARMAN:Wolverine99"]
[Black "Volkov, Sergey:Volkov"]
[Result "1-0"]
[ICCResult "Black resigns"]
[WhiteElo "2592"]
[BlackElo "2504"]
[Opening "QGD Slav: 4.Nc3"]
[ECO "D15"]
[NIC "SL.03"]
[Time "17:46:29"]
[PlyCount "91"]
[TimeControl "2400+10"]

1. d4 d5 2. Nf3 Nf6 3. c4 c6 4. Nc3 a6 5. g3 dxc4 6. Bg2 e6 7. O-O Nbd7 8.
e4 Be7 9. a4 a5 10. Qe2 Nb6 11. Rd1 O-O 12. Ne5 Nfd7 13. Nxc4 Nxc4 14. Qxc4
e5 15. d5 Qb6 16. d6 Bd8 17. Be3 Qb4 18. Qe2 Bb6 19. Bh3 Bd4 20. Bxd7 Bxd7
21. Qd3 Bg4 22. Rd2 Qxd6 23. Bxd4 Qxd4 24. Qxd4 exd4 25. Rxd4 Rfd8 26. Rc4
Rd2 27. Rb1 Rc8 28. e5 Bf5 29. Ne4 Re2 30. f3 Rd8 31. b4 b5 32. Rxc6 bxa4
33. bxa5 a3 34. Ra1 Bxe4 35. fxe4 a2 36. Rb6 Red2 37. Rd6 R8xd6 38. exd6 h6
39. a6 Rb2 40. a7 Rb1+ 41. Kg2 Rxa1 42. a8=Q+ Kh7 43. e5 g6 44. Qa3 Re1 45.
Qxa2 Rxe5 46. Qxf7+ {Black resigns} 1-0

[Event "ICC tourney 3401 (40 10)"]
[Site "Internet Chess Club"]
[Date "2024.03.09"]
[Round "4"]
[White "LIU, ERIC CHANG:el008"]
[Black "DENG, HENRY:SuperPuzzler"]
[Result "0-1"]
[ICCResult "White resigns"]
[WhiteElo "2435"]
[BlackElo "2315"]
[Opening "Sicilian: Anderssen variation"]
[ECO "B41"]
[NIC "SI.41"]
[Time "17:46:26"]
[PlyCount "104"]
[TimeControl "2400+10"]

1. e4 c5 2. Nf3 e6 3. d4 cxd4 4. Nxd4 Nf6 5. Nc3 Nc6 6. g3 d5 7. exd5 exd5
8. Bg2 Bg4 9. Nde2 Bb4 10. O-O O-O 11. h3 Bxc3 12. hxg4 Ba5 13. Nf4 d4 14.
g5 Ne8 15. Be4 g6 16. Nd5 Kg7 17. Bf4 Nc7 18. Nf6 Ne6 19. Qg4 h5 20. gxh6+
Kxf6 21. Qh4+ g5 22. Bxg5+ Nxg5 23. f4 Ke6 24. fxg5 Kd7 25. Qf4 Qc7 26. Qg4+
Ke7 27. Qf5 Qxg3+ 28. Kh1 Bb4 29. Bxc6 bxc6 30. c3 Bd6 31. Rf2 Kd8 32. Rg1
Qh4+ 33. Kg2 Kc7 34. Kf1 dxc3 35. Qa5+ Kb7 36. bxc3 Bc7 37. Qf5 Rad8 38. Qf3
Bb6 39. Rb2 Rde8 40. Rg3 Qc4+ 41. Kg2 Qc5 42. a4 Re1 43. Kh3 Re5 44. Rb5 Qd6
45. Rxe5 Qxe5 46. Qg4 Bc7 47. Rg2 Qxc3+ 48. Kh4 Qe1+ 49. Kh5 Qh1+ 50. Qh4
Qxg2 51. Qb4+ Bb6 52. Qe7+ Ka6 {White resigns} 0-1

[Event "ICC tourney 3401 (40 10)"]
[Site "Internet Chess Club"]
[Date "2024.03.09"]
[Round "5"]
[White "CARBERRY, KENNETH:TheBull"]
[Black "LIU, ERIC CHANG:el008"]
[Result "0-1"]
[ICCResult "White resigns"]
[WhiteElo "1968"]
[BlackElo "2435"]
[Opening "Queen's pawn game"]
[ECO "A46"]
[NIC "QP.06"]
[Time "20:00:09"]
[PlyCount "62"]
[TimeControl "2400+10"]

1. d4 Nf6 2. Nf3 d6 3. Bg5 Nbd7 4. e3 e5 5. Nbd2 c6 6. c3 h6 7. Bxf6 Qxf6 8.
Bd3 Qe7 9. O-O g6 10. a4 a5 11. h3 Bg7 12. Qb3 Nf6 13. dxe5 dxe5 14. Ne4
Nxe4 15. Bxe4 Be6 16. Qb6 f5 17. Bxc6+ bxc6 18. Qxc6+ Kf7 19. Qb5 Qc7 20.
Rfd1 Rab8 21. Qe2 Bc4 22. Rd7+ Qxd7 23. Qxc4+ Kf6 24. Qa6+ Qe6 25. Qxa5 Rxb2
26. Rd1 Rhb8 27. Rd5 Kf7 28. Qc7+ Kg8 29. Rd7 Bf8 30. Nxe5 Rb1+ 31. Kh2 R1b7
{White resigns}
0-1